AoeStats
← Chill Trip

Baltic

510732207Analyzed
3v3 RM · 1d ago on Oct 2, 2026· 65m 8s· 6 players
Game mode
Random Map
Map size
Normal (6 player)
Population
200
Speed
Normal
Resources
Standard
Victory
Conquest
Starting age
Dark Age
Ending age
Imperial Age
RankedLock teamsTeams togetherTeam positionsShared explorationLock speedFull tech treeHidden civsTurbo modeCheats
Victory
Defeat
🇪🇸 Byzantines · Spain
1132
+15
🇨🇳 Franks · China
1107
+16
🇬🇧 Vikings · United Kingdom
1095
+16
🇳🇨 Bengalis · New Caledonia
1141
-18
🇫🇷 Varangians · France
1121
-16
🇳🇨 Wei · New Caledonia
1039
-13
Boy oh boy
7:38 Loom
9:08 Loom
11:03 Feudal Age
15:21 Castle Age
13:24 Double-Bit Axe
13:59 Horse Collar
16:43 Bow Saw
16:35 Heavy Plow
20:41 Gold Mining
23:29 Wheelbarrow
27:39 Imperial Age
25:50 Fletching
26:03 Stone Mining
26:36 Bodkin Arrow
27:01 Hand Cart
26:31 Town Watch
27:57 Ballistics
28:14 Padded Archer Armor
28:17 Husbandry
28:36 Bracer
29:38 Two-Man Saw
29:33 Leather Archer Armor
29:30 Bloodlines
30:18 Gold Shaft Mining
31:28 Chemistry
30:24 Elite Elephant Archer
34:34 Siege Elephant
42:08 Conscription
42:00 Paiks
43:07 Ring Archer Armor
49:25 Caravan
K1ller401
7:13 Loom
9:30 Feudal Age
10:03 Double-Bit Axe
18:05 Horse Collar
20:57 Castle Age
19:35 Bloodlines
19:41 Gold Mining
22:30 Bow Saw
22:21 Heavy Plow
23:10 Husbandry
25:34 Wheelbarrow
27:57 Stone Mining
30:04 Scale Barding Armor
30:10 Forging
31:34 Hand Cart
35:29 Imperial Age
32:32 Light Cavalry
34:28 Town Watch
35:27 Chain Barding Armor
35:43 Iron Casting
37:03 Crop Rotation
37:35 Two-Man Saw
37:12 Stone Shaft Mining
37:03 Conscription
37:58 Plate Barding Armor
37:42 Elite Jarl
38:57 Herbal Medicine
39:38 Theocracy
41:17 Blast Furnace
40:38 Siege Engineers
42:03 Ballistics
43:02 Town Patrol
50:00 Caravan
Chill Trip
7:48 Loom
14:06 Feudal Age
14:42 Double-Bit Axe
14:39 Horse Collar
19:20 Castle Age
18:40 Bloodlines
19:34 Scale Barding Armor
19:39 Forging
25:18 Bow Saw
26:10 Chain Barding Armor
26:26 Iron Casting
37:31 Imperial Age
37:12 Pikeman
38:57 Halberdier
44:09 Arson
44:57 Heavy Plow
46:13 Scale Mail Armor
46:48 Iron Casting
46:31 Squires
49:51 Elite Tiger Cavalry
51:00 Ming Guang Armor
Lampy
12:54 Feudal Age
13:20 Double-Bit Axe
13:30 Gold Mining
20:56 Castle Age
20:24 Fishing Lines
22:36 Bow Saw
24:26 Fletching
25:47 Ballistics
26:20 Bodkin Arrow
27:29 Scale Mail Armor
28:47 Pikeman
29:29 Squires
29:41 Gillnets
39:39 Imperial Age
36:57 Loom
41:48 Conscription
43:00 Chain Mail Armor
42:55 Forging
45:19 Stone Mining
50:03 Plate Mail Armor
50:09 Iron Casting
54:09 Town Watch
56:01 Masonry
55:59 Bracer
56:35 Caravan
56:44 Horse Collar
56:46 Elite Skirmisher
56:51 Elite Longship
58:29 Elite Varangian Guard
62:32 Two-Man Saw
63:06 Heavy Plow
MalSofrit
5:09 Loom
10:30 Feudal Age
13:01 Forging
14:51 Double-Bit Axe
21:52 Castle Age
24:03 Horse Collar
24:41 Bow Saw
24:22 Gold Mining
25:13 Fishing Lines
27:00 Wheelbarrow
26:20 Horse Collar
28:38 Hand Cart
30:34 Scale Barding Armor
31:05 Iron Casting
30:35 Husbandry
32:21 Chain Barding Armor
32:39 Heavy Plow
37:48 Imperial Age
38:17 Heavy Camel Rider
39:42 Gold Shaft Mining
49:47 Plate Barding Armor
50:30 Caravan
57:04 Light Cavalry
57:51 Hussar
61:18 Coinage
easymoney
12:23 Feudal Age
15:25 Double-Bit Axe
17:51 Castle Age
19:06 Bow Saw
22:14 Stone Mining
22:14 Gold Mining
27:14 Gold Mining
28:29 Wheelbarrow
29:41 Hand Cart
30:25 Gold Shaft Mining
31:25 Forging
31:15 Scale Mail Armor
31:20 Scale Barding Armor
31:15 Scale Mail Armor
31:20 Scale Barding Armor
31:16 Padded Archer Armor
31:07 Fletching
35:44 Imperial Age
33:45 Husbandry
34:44 Chain Barding Armor
35:00 Iron Casting
35:57 Cavalier
36:38 Elite Throwing Axeman
37:39 Conscription
38:11 Plate Barding Armor
38:36 Blast Furnace
38:01 Caravan
37:41 Paladin
40:05 Chain Mail Armor
40:06 Leather Archer Armor
41:39 Chemistry
40:59 Ballistics
40:50 Masonry
40:37 Bodkin Arrow
43:26 Plate Mail Armor
42:20 Light Cavalry
42:42 Treadmill Crane
46:46 Architecture
46:21 Siege Engineers
46:27 Fortified Wall
46:13 Murder Holes
48:42 Chivalry
49:17 Hoardings
Connection lost

Rejoining the realm…

Still unreachable

The connection could not be restored.

Session expired

The server has moved on; the page needs a fresh start.